 Dungeon Crawl Stone Soup version 0.30.0-29-ga12c61a403 (webtiles) character file.

Game seed: 8001082360657574769

101 GimliDwarf the Sneak (level 4, 0/34 HPs)
             Began as a Gnoll Wanderer on June 21, 2023.
             Was a Believer of Uskayaw.
             Slain by an iguana (5 damage)
             ... on level 3 of the Dungeon.
             The game lasted 00:06:32 (2810 turns).

GimliDwarf the Sneak (Gnoll Wanderer)               Turns: 2810, Time: 00:06:33

Health: 0/34       AC:  3    Str:  9    XL:     4   Next: 75%
Magic:  5/8        EV: 11    Int: 17    God:    Uskayaw [**....]
Gold:   112        SH:  0    Dex: 10    Spells: 8/9 levels left

rFire   + . .        k - staff of fire
rCold   . . .        (no shield)
rNeg    . . .        c - +0 robe
rPois   .            d - +0 helmet
rElec   .            (no cloak)
rCorr   .            (no gloves)
SInv    .            (no boots)
Will    .....        (no amulet)
Stlth   +++          (no ring)
HPRegen 0.25/turn    (no ring)
MPRegen 0.11/turn

%: no passive effects
@: no status effects
A: fangs 1, strong nose, distributed training
a: Renounce Religion, Stomp, Line Pass


You were on level 3 of the Dungeon.
You worshipped Uskayaw.
Uskayaw was noncommittal.
You visited 1 branch of the dungeon, and saw 3 of its levels.

You collected 112 gold pieces.

Inventory:

Hand Weapons
 a - a +0 dagger
Missiles
 n - a throwing net
Armour
 c - a +0 robe (worn)
 d - a +0 helmet (worn)
Magical Staves
 k - a staff of fire (weapon)
Jewellery
 g - an amulet of guardian spirit
Scrolls
 b - a scroll of fog
 h - 3 scrolls of identify {unknown}
 l - a scroll of noise {unknown}
 m - a scroll of acquirement {unknown}
 o - a scroll of teleportation {unknown}
Potions
 e - a potion of mutation {unknown}
 f - 3 potions of attraction {unknown}
 i - 2 potions of haste {unknown}
 j - a potion of curing {unknown}


   Skills:
 + Level 2.8 Fighting
 + Level 1.2 Short Blades
 + Level 1.2 Long Blades
 + Level 1.2 Axes
 + Level 1.2 Maces & Flails
 + Level 1.2 Polearms
 + Level 1.2 Staves
 + Level 1.2 Ranged Weapons
 + Level 1.2 Throwing
 + Level 1.2 Armour
 + Level 1.2 Dodging
 + Level 6.1 Stealth
 + Level 1.2 Shields
 + Level 1.2 Unarmed Combat
 + Level 3.0 Spellcasting
 + Level 1.0 Conjurations
 + Level 1.0 Hexes
 + Level 1.0 Summonings
 + Level 1.0 Necromancy
 + Level 5.5 Translocations
 + Level 3.9 Transmutations
 + Level 1.0 Fire Magic
 + Level 1.0 Ice Magic
 + Level 1.0 Air Magic
 + Level 1.0 Earth Magic
 + Level 1.0 Poison Magic
 + Level 1.4 Invocations
 + Level 1.2 Evocations


You had 8 spell levels left.
You knew the following spells:

 Your Spells              Type           Power      Damage    Failure   Level
a - Sting                 Tmut/Pois      44%        1d5       6%          1

Your spell library contained the following spells:

 Spells                   Type           Power      Damage    Failure   Level
 Apportation              Tloc           42%        N/A       1%          1
 Lesser Beckoning         Tloc           42%        N/A       2%          2
 Passage of Golubria      Tloc           21%        N/A       19%         4
 Ignite Poison            Fire/Tmut/Pois 14%        N/A       22%         3


Dungeon Overview and Level Annotations

Branches:
Dungeon (3/15)

Altars:
Uskayaw
Wu Jian

Annotations:
D:3 Terence


Innate Abilities, Weirdness & Mutations

You have very sharp teeth.
Your uncanny sense of smell can sniff out nearby items.
Your experience applies equally to all skills.


Message History

The orc is almost dead.
You kill the orc!
Found a stone staircase leading down.
Items here: ( ) [ †.
You start resting.
Magic restored.
You start resting.
HP restored.
Found a stone staircase leading down.
Found a helmet.
There is a stone staircase leading down here.
Found a scroll labelled ZEHIWK ACWAU and 14 gold pieces.
Aiming: Sting (safe; 6% risk of failure)
Press: ? - help, Q - select action, (/) - cycle Shift-Dir - straight line, f - iguana
Aim: an iguana (wandering, hasn't noticed you, 75% to hit)
The sting hits the iguana.
The iguana is poisoned.
The iguana is lightly wounded.
The iguana hisses angrily.
Aiming: Sting (safe; 6% risk of failure)
Press: ? - help, Q - select action, (/) - cycle Shift-Dir - straight line, f/p - iguana
Aim: an iguana (lightly wounded, poisoned, 75% to hit)
The sting hits the iguana.
The iguana looks even sicker.
The iguana is lightly wounded.
The iguana bites you.
Aiming: Sting (safe; 6% risk of failure)
Press: ? - help, Q - select action, (/) - cycle Shift-Dir - straight line, f/p - iguana
Aim: an iguana (lightly wounded, very poisoned, 75% to hit)
The sting hits the iguana.
The iguana looks even sicker.
The iguana is heavily wounded.
The iguana bites you!
Hit: k) staff of fire
Press: ? - help, Dir - move target, f/p - iguana
Aim: an iguana (heavily wounded, very poisoned, about 36% to evade your staff of fire)
You hit the iguana. You burn the iguana.
The iguana is severely wounded.
The iguana bites you!
* * * LOW HITPOINT WARNING * * *
You can now pass through a line of other dancers.
The iguana attacks as you move away! The iguana bites you.
You die...

######### #
.......[##.#..$
#.###..........?.
#.#.......#
#.###.#.#.....#
......#.#..l..##.#
#. #..>..@......# #
#. #.#.###.#####...
#.##.###.#.# #.# #
.....##...# #.#
#######..##.### #.#
............#####.#
#######....>......#
..# ##)##.#######
#.######)##.####


You could see an iguana (very poisoned).

Vanquished Creatures
  3 adders
  A worm (D:2)
  4 dart slugs
  4 orcs (D:3)
  8 ball pythons
  7 bats
  3 endoplasms
  5 giant cockroaches
  5 goblins
  4 hobgoblins
  2 quokkas (D:2)
  A frilled lizard (D:2)
  3 kobolds
  4 rats
54 creatures vanquished.

Notes
Turn   | Place    | Note
-------+----------+-------------------------------------------
     0 | D:1      | GimliDwarf the Gnoll Wanderer began the quest for the Orb.
     0 | D:1      | GimliDwarf set off with the following items: a +0 dagger, a
                  | scroll of fog, a +0 robe, a +0 helmet; and the following
                  | spells available to memorise: Apportation, Lesser
                  | Beckoning, Sting, Passage of Golubria, Ignite Poison.
     0 | D:1      | Reached XP level 1. HP: 17/17 MP: 4/4
     2 | D:1      | Learned a level 1 spell: Sting
   296 | D:1      | Reached XP level 2. HP: 19/23 MP: 0/5
  1215 | D:2      | Reached XP level 3. HP: 28/28 MP: 5/7
  1257 | D:2      | Found a faded altar of an unknown god.
  1262 | D:2      | Prayed at the altar of an unknown god.
  1262 | D:2      | Became a worshipper of Uskayaw the Reveller
  1262 | D:2      | Reached * piety under Uskayaw
  1308 | D:2      | Reached skill level 6 in Stealth
  1308 | D:2      | Reached skill level 1 in Invocations
  1447 | D:2      | Reached ** piety under Uskayaw
  1448 | D:2      | Reached skill level 1 in Short Blades
  1448 | D:2      | Reached skill level 1 in Long Blades
  1448 | D:2      | Reached skill level 1 in Axes
  1448 | D:2      | Reached skill level 1 in Maces & Flails
  1448 | D:2      | Reached skill level 1 in Polearms
  1448 | D:2      | Reached skill level 1 in Staves
  1448 | D:2      | Reached skill level 1 in Ranged Weapons
  1448 | D:2      | Reached skill level 1 in Throwing
  1448 | D:2      | Reached skill level 1 in Armour
  1448 | D:2      | Reached skill level 1 in Dodging
  1448 | D:2      | Reached skill level 1 in Shields
  1448 | D:2      | Reached skill level 1 in Unarmed Combat
  1448 | D:2      | Reached skill level 1 in Evocations
  1539 | D:2      | Found an ornate altar of the Wu Jian Council.
  1743 | D:2      | Reached XP level 4. HP: 34/34 MP: 5/8
  2296 | D:2      | Reached skill level 1 in Conjurations
  2296 | D:2      | Reached skill level 1 in Hexes
  2296 | D:2      | Reached skill level 1 in Summonings
  2296 | D:2      | Reached skill level 1 in Necromancy
  2296 | D:2      | Reached skill level 1 in Fire Magic
  2296 | D:2      | Reached skill level 1 in Ice Magic
  2296 | D:2      | Reached skill level 1 in Air Magic
  2296 | D:2      | Reached skill level 1 in Earth Magic
  2296 | D:2      | Reached skill level 1 in Poison Magic
  2486 | D:3      | Noticed Terence
  2810 | D:3      | Slain by an iguana

Illustrated notes

Levels and vault maps discovered:
D:1:      minmay_arrival_widening_spiral_wide, layout_loops_ring,
          kennysheep_minor_cross, minmay_pentomino_t2
D:2:      minmay_recursive_quarters, layout_loops_ring,
          nicolae_ecumenical_lake_church, basic_altar
D:3:      layout_loops_ring, uniq_terence

Skill      XL: |  1  2  3  4 |
---------------+-------------+-----
Stealth        | 6 |  6.1
Invocations    | 1 |  1.4
Short Blades   | 1 |  1.2
Long Blades    | 1 |  1.2
Axes           | 1 |  1.2
Maces & Flails | 1 |  1.2
Polearms       | 1 |  1.2
Staves         | 1 |  1.2
Ranged Weapons | 1 |  1.2
Throwing       | 1 |  1.2
Armour         | 1 |  1.2
Dodging        | 1 |  1.2
Shields        | 1 |  1.2
Unarmed Combat | 1 |  1.2
Evocations     | 1 |  1.2
Spellcasting   | 3 |  3.0
Conjurations   | 1 |  1.0
Hexes          | 1 |  1.0
Summonings     | 1 |  1.0
Necromancy     | 1 |  1.0
Fire Magic     | 1 |  1.0
Ice Magic      | 1 |  1.0
Air Magic      | 1 |  1.0
Earth Magic    | 1 |  1.0
Poison Magic   | 1 |  1.0
Fighting       | |  2.8
Translocations | |  5.5
Transmutations | |  3.9

Action                     |  1- 3 |  4- 6 || total
---------------------------+-------+-------++-------
  Melee: Dagger            |     6 |       ||     6
         Bite              |     1 |       ||     1
         Staff             |    11 |    14 ||    25
         Punch             |     1 |       ||     1
   Cast: Sting             |    68 |    47 ||   115
 Armour: Robe              |    14 |     3 ||    17
  Dodge: Dodged            |    31 |    16 ||    47
